AoeStats
← noob

Hideout

503197884Analyzed
4v4 RM · 1mo ago on Aug 30, 2026· 38m 53s· 8 players
Game mode
Random Map
Map size
Large (8 player)
Population
200
Speed
Normal
Resources
Standard
Victory
Conquest
Starting age
Dark Age
Ending age
Imperial Age
RankedLock teamsTeams togetherTeam positionsShared explorationLock speedFull tech treeHidden civsTurbo modeCheats
Victory
Defeat
🇵🇪 Ethiopians · Peru
1466
+14
🇫🇮 Poles · Finland
1463
+14
🇹🇷 Saracens · Türkiye
1446
+15
🇵🇪 Khmer · Peru
1434
+16
🇪🇸 Wu · Spain
1433
-15
🇩🇪 Bohemians · Germany
1432
-15
🇪🇸 Vikings · Spain
1427
-15
🇺🇸 Armenians · United States
1418
-14
JesusVII
10:28 Feudal Age
14:07 Castle Age
13:42 Fletching
17:21 Squires
18:48 Loom
19:47 Padded Archer Armor
22:24 Double-Bit Axe
26:39 Bodkin Arrow
Queens_StoneAge
10:19 Feudal Age
10:29 Man-at-Arms
11:02 Double-Bit Axe
11:07 Stone Mining
12:01 Horse Collar
12:15 Long Swordsman
19:03 Castle Age
21:12 Stone Mining
22:08 Heavy Plow
29:49 Fervor
30:01 Sanctity
31:43 Gold Mining
36:26 Imperial Age
34:26 Fletching
35:37 Ballistics
35:47 Bodkin Arrow
Álvaro de Bazán
9:47 Feudal Age
10:46 Loom
14:24 Double-Bit Axe
15:25 Gold Mining
15:31 Fletching
16:49 Padded Archer Armor
22:17 Castle Age
21:38 Horse Collar
22:53 Bodkin Arrow
22:20 Crossbowman
24:43 Bow Saw
noob
10:10 Feudal Age
10:53 Double-Bit Axe
12:53 Fletching
13:56 Padded Archer Armor
21:52 Castle Age
20:15 Loom
22:34 Bodkin Arrow
22:04 Crossbowman
24:38 Chemistry
24:26 Leather Archer Armor
25:45 Ballistics
34:08 Imperial Age
32:45 Wheelbarrow
Burgeri
10:19 Feudal Age
14:26 Castle Age
12:51 Double-Bit Axe
13:02 Horse Collar
15:23 Bow Saw
15:19 Heavy Plow
20:03 Wheelbarrow
20:20 Wheelbarrow
20:58 Szlachta Privileges
22:09 Wheelbarrow
22:57 Bloodlines
22:48 Husbandry
24:45 Scale Barding Armor
24:55 Forging
26:06 Chain Barding Armor
28:09 Forging
28:51 Hand Cart
29:53 Iron Casting
Wolfang
9:10 Feudal Age
8:56 Loom
10:11 Double-Bit Axe
12:39 Fletching
18:15 Castle Age
17:46 Padded Archer Armor
19:07 Bow Saw
18:59 Bodkin Arrow
18:54 Crossbowman
22:56 Ballistics
26:00 Leather Archer Armor
27:36 Wheelbarrow
27:03 Gold Mining
29:54 Thumb Ring
30:39 Gold Shaft Mining
32:17 Hand Cart
33:09 Town Watch
33:42 Horse Collar
37:13 Imperial Age
35:01 Town Patrol
36:18 Heavy Plow
36:13 Stone Mining
37:15 Arbalester
38:56 Chemistry
37:58 Bracer
38:49 Ring Archer Armor
imenek
9:10 Feudal Age
14:23 Wheelbarrow
14:46 Fletching
15:25 Padded Archer Armor
17:02 Double-Bit Axe
19:14 Loom
23:15 Castle Age
21:03 Loom
23:18 Crossbowman
23:57 Bodkin Arrow
zFenix095z
10:10 Feudal Age
13:59 Castle Age
12:01 Double-Bit Axe
12:15 Horse Collar
20:45 Heavy Plow
21:12 Gold Mining
22:50 Wheelbarrow
26:22 Imperial Age
24:32 Hand Cart
24:11 Stone Mining
25:05 Bloodlines
25:10 Husbandry
26:31 Scale Barding Armor
26:36 Forging
26:47 Bow Saw
27:53 Gold Shaft Mining
27:51 Chain Barding Armor
27:45 Padded Archer Armor
27:20 Cavalier
28:08 Town Watch
29:51 Plate Barding Armor
31:14 Iron Casting
31:25 Stone Shaft Mining
32:23 Crop Rotation
34:06 Blast Furnace
33:13 Light Cavalry
Connection lost

Rejoining the realm…

Still unreachable

The connection could not be restored.

Session expired

The server has moved on; the page needs a fresh start.